 Dungeon Crawl Stone Soup version 0.28-a0-1493-g08698888e4 (webtiles) character file.

Game seed: 11771864311945818352

1386 croobank the Skirmisher (level 8, -4/68 HPs)
             Began as a Black Draconian Transmuter on Jan 12, 2022.
             Was an Initiate of Vehumet.
             Slain by an orc warrior (7 damage)
             ... on level 6 of the Dungeon.
             The game lasted 00:19:35 (6389 turns).

croobank the Skirmisher (DrTm)                      Turns: 6389, Time: 00:19:36

Health: -4/68      AC:  6    Str: 12    XL:     8   Next: 40%
Magic:  12/14      EV: 13    Int: 14    God:    Vehumet [......]
Gold:   177        SH:  0    Dex: 12    Spells: 13/16 levels left

rFire   x . .      SeeInvis .   k - +7 mace of Karma {venom, rElec rF- rN+++ Dex-2}
rCold   . . .      Faith    .   (no shield)
rNeg    + + +      Spirit   .   (armour unavailable)
rPois   .          Reflect  .   (helmet currently unavailable)
rElec   +          Harm     .   (no cloak)
rCorr   .          Rampage  .   (no gloves)
Will    .....                   (boots currently unavailable)
Stlth   +.........              (no amulet)
HPRegen 0.21/turn               (no ring)
MPRegen 0.14/turn               (no ring)

@: about to teleport, appendages, wereblooded
A: horns 2, talons 2, breathe lightning, AC +6, unfitting armour, electricity
resistance, cold-blooded
a: Breathe Lightning, End Transformation, Renounce Religion


You were on level 6 of the Dungeon.
You worshipped Vehumet.
Vehumet was noncommittal.
You had temporarily grown beastly horns and talons.
You visited 2 branches of the dungeon, and saw 7 of its levels.

You collected 177 gold pieces.

Inventory:

Hand Weapons
 a - a +2 whip of freezing
 b - a +0 shortbow of freezing
 g - a +0 dagger
 j - the +3 war axe of Disgust {flame, rElec rF- Dex-5 SInv}
   (You found it on level 4 of the Dungeon)

   It burns those it strikes, dealing additional fire damage.
   Big, fiery blades are also staple armaments of hydra-hunters.
   Dex:       It affects your dexterity (-5).
   rF:        It makes you vulnerable to fire.
   rElec:     It insulates you from electricity.
   SInv:      It lets you see invisible.
 k - the +7 mace of Karma (weapon) {venom, rElec rF- rN+++ Dex-2}
   (You found it on level 4 of the Dungeon)

   It poisons the flesh of those it strikes.
   Dex:       It affects your dexterity (-2).
   rF:        It makes you vulnerable to fire.
   rElec:     It insulates you from electricity.
   rN:        It renders you almost immune to negative energy.
Missiles
 f - 72 stones
 o - 11 poisoned darts
 t - a throwing net
 w - 17 arrows
Armour
 s - a +1 pair of boots (melded)
Jewellery
 m - a ring of flight
Wands
 p - a wand of mindburst (51)
Scrolls
 c - a scroll of holy word {unknown}
 d - 2 scrolls of teleportation
 h - 2 scrolls of enchant armour
 q - 2 scrolls of fog
 v - a scroll of magic mapping {unknown}
Potions
 e - 2 potions of haste
 i - a potion of degeneration {unknown}
 l - a potion of might {unknown}
 n - a potion of resistance {unknown}
 u - a potion of curing


   Skills:
 + Level 5.0 Fighting
 - Level 0.7(2.2) Axes
 + Level 3.3(3.4) Maces & Flails
 + Level 4.5 Dodging
 - Level 4.0 Unarmed Combat
 + Level 4.5 Spellcasting
 + Level 4.9 Transmutations


You had 13 spell levels left.
You knew the following spells:

 Your Spells              Type           Power      Damage    Failure   Level
a - Beastly Appendage     Tmut           34%        N/A       2%          1
b - Wereblood             Tmut           17%        N/A       3%          2

Your spell library contained the following spells:

 Spells                   Type           Power      Damage    Failure   Level
 Spider Form              Tmut/Pois      10%        N/A       21%         3
 Ignite Poison            Fire/Tmut/Pois 7%         N/A       28%         3
 Conjure Flame            Conj/Fire      3%         6-21      50%         3
 Mephitic Cloud           Conj/Pois/Air  3%         N/A       50%         3
 Ice Form                 Ice/Tmut       10%        N/A       54%         4
 Sticky Flame             Conj/Fire      3%         2d3       88%         4
 Freezing Cloud           Conj/Ice/Air   1%         6-21      99%         5


Dungeon Overview and Level Annotations

Branches:
Dungeon (6/15)             Temple (1/1) D:5

Altars:
Dithmenos
Elyvilon
Fedhas
Gozag
Trog
Uskayaw
Vehumet
Wu Jian
Xom
Yredelemnul
Zin
The Shining One
Lugonu

Annotations:
D:3 2 transporters
D:5 1 runed translucent door, DrKleor's ghost, novice DsFi


Innate Abilities, Weirdness & Mutations

You have temporarily grown beastly horns and talons.
You can breathe wild blasts of lightning.
Your glossy black scales are hard. (AC +6)
You cannot fit into any form of body armour.
You are resistant to electric shocks. (rElec)
You are cold-blooded and may be slowed by cold attacks.


Message History

Beogh smites you!
You see here a water moccasin skeleton.
Found a stone staircase leading down.
The orc warrior barely misses you.
You hit the orc warrior.
The orc warrior is poisoned.
Your kick misses the orc warrior. You tail-slap the orc warrior.
The orc warrior is moderately wounded.
The orc warrior hits you with a +0 halberd!
You hit the orc warrior but do no damage.
The orc warrior looks as sick as possible!
Your kick misses the orc warrior.
Your tail-slap misses the orc warrior.
The orc warrior is moderately wounded.
The orc warrior closely misses you.
You barely miss the orc warrior.
You headbutt the orc warrior, but do no damage.
Your tail-slap misses the orc warrior.
The orc warrior is moderately wounded.
The orc priest hits you but does no damage.
The orc warrior hits you with a +0 halberd!
The orc priest looks satisfied for a moment.
You sock the orc warrior!
The orc warrior looks as sick as possible!
Your kick misses the orc warrior.
The orc warrior is severely wounded.
The orc warrior hits you with a +0 halberd!
* * * LOW HITPOINT WARNING * * *
The orc hits you but does no damage.
The orc priest hits you but does no damage.
The orc warrior barely misses you. The orc closely misses you.
As you read the scroll of teleportation, it crumbles to dust.
You feel strangely unstable.
The orc priest hits you with a +0 short sword.
* * * LOW HITPOINT WARNING * * *
The orc warrior hits you with a +0 halberd.
* * * LOW HITPOINT WARNING * * *
The orc barely misses you.
The orc priest calls down the wrath of Beogh upon you.
Beogh smites you!
* * * LOW HITPOINT WARNING * * *
The orc warrior hits you from afar with a +0 halberd!
You die...

## .. #. ##. ####
.. ... #. #.#
######o###.#
.....oo.@..####
......o###....#####
######. #........#
.. #..#####... ##.
#..# #> #..# .##
#.###..# ..#
#......#####..#
#.###.........#


You could see an orc warrior (extremely poisoned), an orc priest and 2 orcs.

Vanquished Creatures
  Pikel (D:5)
  A water moccasin (D:6)
  A sky beast (D:6)
  2 black bears
  A centaur (D:5)
  A phantom (D:4)
  A scorpion (D:4)
  A howler monkey (D:4)
  A bullfrog zombie (D:5)
  2 hounds
  A jelly (D:5)
  A gnoll shaman (D:5)
  An iguana (D:2)
  5 gnolls
  An adder (D:2)
  3 worms
  6 orcs
  2 ball pythons
  3 bats
  7 endoplasms
  4 goblins
  6 hobgoblins
  2 quokkas (D:1)
  2 frilled lizards
  3 kobolds (D:1)
  5 rats
64 creatures vanquished.

Notes
Turn   | Place    | Note
-------+----------+-------------------------------------------
     0 | D:1      | croobank the Draconian Transmuter began the quest for the
                  | Orb.
     0 | D:1      | Reached XP level 1. HP: 16/16 MP: 3/3
   394 | D:1      | Reached XP level 2. HP: 21/23 MP: 3/5
   744 | D:1      | Found a faded altar of an unknown god.
  1087 | D:2      | HP: 1/23 [worm (2)]
  1640 | D:2      | Reached XP level 3. HP: 29/29 MP: 4/6
  2032 | D:2      | Learned a level 2 spell: Wereblood
  2077 | D:2      | Reached skill level 2 in Fighting
  2425 | D:3      | Reached XP level 4. HP: 36/36 MP: 5/7
  2665 | D:3      | Found a transporter.
  2670 | D:3      | Found a transporter.
  3157 | D:3      | Found a hide-covered altar of Uskayaw.
  3313 | D:4      | Identified the +3 war axe of Disgust {flame, rElec rF-
                  | Dex-5 SInv}
  3488 | D:4      | Noticed a phantom
  3495 | D:4      | Killed a phantom
  3496 | D:4      | Reached XP level 5. HP: 42/42 MP: 7/9
  3520 | D:4      | Noticed a black bear
  3529 | D:4      | Killed a black bear
  3530 | D:4      | Reached skill level 3 in Fighting
  3848 | D:4      | Found a basalt altar of Yredelemnul.
  3877 | D:4      | Reached XP level 6. HP: 51/51 MP: 7/10
  3910 | D:4      | Identified the +7 mace of Karma {venom, rElec rF- rN+++
                  | Dex-2}
  4518 | D:5      | Entered Level 5 of the Dungeon
  4746 | D:5      | Found a runed translucent door.
  4746 | D:5      | Noticed DrKleor's ghost (novice DsFi)
  4746 | D:5      | Noticed a yak
  4831 | D:5      | Reached skill level 1 in Maces & Flails
  4952 | D:5      | Found a staircase to the Ecumenical Temple.
  5016 | Temple   | Entered the Ecumenical Temple
  5030 | Temple   | Became a worshipper of Vehumet
  5167 | D:5      | Your scales start taking on a glossy black colour.
  5167 | D:5      | Reached XP level 7. HP: 56/58 MP: 10/12
  5167 | D:5      | Gained mutation: You are resistant to electric shocks.
                  | (rElec) [Black Draconian growth]
  5275 | D:5      | Found a white marble altar of Elyvilon.
  5403 | D:5      | Noticed Pikel
  5411 | D:5      | Killed Pikel
  5412 | D:5      | Reached skill level 4 in Fighting
  5412 | D:5      | Reached XP level 8. HP: 21/67 MP: 10/14
  6113 | D:6      | Reached skill level 5 in Fighting
  6389 | D:6      | HP: 3/68 [orc priest/divine providence (10)]
  6389 | D:6      | Slain by an orc warrior

Illustrated notes

Levels and vault maps discovered:
D:1:      shiori_shiawase, layout_basic, shapermc_ecumenical_altar_notcrosses
D:2:      layout_loops_corners
D:3:      gammafunk_steamed_eel, layout_loops_corners, lemuel_round_altar
D:4:      layout_loops_corners, lemuel_doored_altar
D:5:      layout_basic, nicolae_elyvilon_peaceful_grove,
          minmay_temple_entry_ruins, ebering_ghost_inner_flame,
          kennysheep_generic_room_12, uniq_pikel
D:6:      minmay_thinvault, layout_loops_ring, kennysheep_little_box,
          minmay_stone_trees_small
Temple:   corrupted_temple

Skill      XL: |  1  2  3  4  5  6  7  8 |
---------------+-------------------------+-----
Dodging        | 2 3 4 |  4.5
Fighting       | 2 3 4 5 |  5.0
Transmutations | 3 4 |  4.9
Unarmed Combat | 4 |  4.0
Spellcasting   | 3 4 |  4.5
Maces & Flails | 1 2 3 |  3.3
Axes           | |  0.7

Action                   |  1- 3 |  4- 6 |  7- 9 || total
-------------------------+-------+-------+-------++-------
Melee: Unarmed           |    91 |     5 |       ||    96
       Headbutt          |    10 |    13 |     5 ||    28
       Kick              |    19 |    23 |     7 ||    49
       Tailslap          |     6 |     5 |     3 ||    14
       Punch             |     2 |     2 |     1 ||     5
       Dagger            |       |    22 |       ||    22
       War axe           |       |    20 |       ||    20
       Mace              |       |    25 |    33 ||    58
 Cast: Beastly Appendage |    23 |    20 |     8 ||    51
       Wereblood         |       |     1 |     2 ||     3
  Use: Potion            |     1 |       |       ||     1
       Scroll            |       |       |     7 ||     7
Armor: Skin              |    24 |    19 |    14 ||    57
Dodge: Dodged            |    44 |    65 |    19 ||   128

Table legend: (Time is in decaauts)
 A = Elapsed time spent in this place.
 B = Non-inter-level travel time spent in this place.
 C = Inter-level travel time spent in this place.
 D = Time resting spent in this place.
 E = Time spent auto-exploring this place.
 F = Levels seen in this place.
 G = Mean time per level.
                   A        B        C        D        E       F      G
               +--------+--------+--------+--------+--------+-----+--------+
         Total |   6416 |   6301 |    115 |   1212 |   4190 |   7 |  916.6 |
       Dungeon |   6365 |   6261 |    104 |   1212 |   4160 |   6 | 1060.8 |
        Temple |     51 |     40 |     11 |      0 |     30 |   1 |   51.0 |
               +--------+--------+--------+--------+--------+-----+--------+

Top non-repeatable levels by time:
     D:2: 1456 daAuts
     D:4: 1415 daAuts
     D:5: 1168 daAuts
     D:1: 953 daAuts
     D:3: 900 daAuts
     D:6: 471 daAuts
  Temple: 51 daAuts
